 Dungeon Crawl Stone Soup version 0.23.2-1-ga50397a6bc (webtiles) character file.

Game seed: 5970023595533283203

112 Mrkan the Conjurer (level 4, -4/32 HPs)
             Began as a Gnoll Conjurer on May 17, 2019.
             Slain by a bullfrog (7 damage)
             ... on level 3 of the Dungeon.
             The game lasted 00:05:09 (1617 turns).

Mrkan the Conjurer (Gnoll Conjurer)                 Turns: 1617, Time: 00:05:10

Health: -4/32      AC:  2    Str: 10    XL:     4   Next: 93%
Magic:  11/11      EV: 15    Int: 18    God:
Gold:   101        SH:  0    Dex: 16    Spells: 12/13 levels left

rFire    . . .     SeeInvis .     - Unarmed
rCold    . . .     Gourm    .   (no shield)
rNeg     . . .     Faith    .   a - +0 robe
rPois    .         Spirit   .   (no helmet)
rElec    .         Reflect  .   (no cloak)
rCorr    .         Harm     .   (no gloves)
MR       .....                  (no boots)
Stlth    +++.......             (no amulet)
HPRegen  0.10/turn              (no ring)
MPRegen  0.12/turn              (no ring)

@: no status effects
A: distributed training, fangs 1, strong nose
a: no special abilities


You were on level 3 of the Dungeon.
You were hungry.

You visited 1 branch of the dungeon, and saw 3 of its levels.

You collected 101 gold pieces.

Inventory:

Armour
 a - a +0 robe (worn)
 j - a +0 pair of gloves
Jewellery
 d - an uncursed ring of magical power {unknown}
Scrolls
 b - 3 scrolls of random uselessness {unknown}
 e - a scroll of enchant armour {unknown}
 g - a scroll of teleportation {unknown}
 i - a scroll of fog {unknown}
 k - a scroll of identify {unknown}
 n - 3 scrolls of immolation {unknown}
Potions
 f - a potion of degeneration {unknown}
 h - a potion of curing {unknown}
 l - a potion of heal wounds {unknown}
 m - a potion of flight {unknown}
Comestibles
 c - 6 rations


   Skills:
 + Level 1.2 Fighting
 + Level 1.2 Short Blades
 + Level 1.2 Long Blades
 + Level 1.2 Axes
 + Level 1.2 Maces & Flails
 + Level 1.2 Polearms
 + Level 1.2 Staves
 + Level 1.2 Slings
 + Level 1.2 Bows
 + Level 1.2 Crossbows
 + Level 1.2 Throwing
 + Level 1.2 Armour
 + Level 4.7 Dodging
 + Level 4.3 Stealth
 + Level 1.2 Shields
 + Level 1.2 Unarmed Combat
 + Level 5.1 Spellcasting
 + Level 7.1 Conjurations
 + Level 1.0 Hexes
 + Level 1.0 Charms
 + Level 1.0 Summonings
 + Level 1.0 Necromancy
 + Level 1.0 Translocations
 + Level 1.0 Transmutations
 + Level 1.0 Fire Magic
 + Level 1.0 Ice Magic
 + Level 1.0 Air Magic
 + Level 1.0 Earth Magic
 + Level 1.0 Poison Magic
 + Level 1.4 Invocations
 + Level 1.2 Evocations


You had 12 spell levels left.
You knew the following spells:

 Your Spells              Type           Power        Failure   Level  Hunger
a - Magic Dart            Conj           ####         1%          1    None

Your spell library contained the following spells:

 Spells                   Type           Power        Failure   Level  Hunger
 Searing Ray              Conj           ####..       1%          2    #......
 Iskenderun's Mystic Bla  Conj           ####....     7%          4    ####...
 Dazzling Spray           Conj/Hex       ###...       8%          3    ##.....
 Force Lance              Conj/Tloc      ###.....     24%         4    ####...
 Fulminant Prism          Conj/Hex       ###.......   24%         4    ####...


Dungeon Overview and Level Annotations

Branches:
Dungeon (3/15)

Altars:
Dithmenos
Fedhas
The Shining One


Innate Abilities, Weirdness & Mutations

Your experience applies equally to all skills.
You have very sharp teeth.
Your uncanny sense of smell can sniff out nearby items.


Message History

Confirm with . or Enter, or press ? or * to list all spells.
You can't see any susceptible monsters within range! (Use Z to cast anyway.)
Casting: Magic Dart (safe; 1% risk of failure)
Confirm with . or Enter, or press ? or * to list all spells.
You can't see any susceptible monsters within range! (Use Z to cast anyway.)
A bullfrog comes into view.
The bullfrog gives a loud, deep croak!
The bullfrog barely misses you. The bullfrog hits you. The bullfrog hits you.
The bullfrog hits you. The bullfrog hits you! The bullfrog barely misses you.
The bullfrog hits you. The bullfrog completely misses you.
The bullfrog misses you. The bullfrog hits you.
* * * LOW HITPOINT WARNING * * *
The bullfrog hits you.
* * * LOW HITPOINT WARNING * * *
The bullfrog misses you. The bullfrog hits you!
You die...

.... ..#
.......#
.....#.# #
.)...#.#. ∆ .#
.....#.###.#
...# ....
######.###F###.#
###
#....†...@....#
..#
#......########
#)######......#
#<##.....####.#
####.#....# #.#
.<##.#....# #.#
#.##.#....#
#.#####
#.##...#'##
#.....####
#.(..†.#.#
#####....#


You could see a bullfrog.

Vanquished Creatures
  3 adders (D:2)
  An ooze (D:2)
  A worm (D:2)
  4 dart slugs
  A leopard gecko (D:2)
  An orc (D:3)
  3 giant cockroaches
  10 goblins
  7 hobgoblins
  13 jackals
  5 bats
  3 frilled lizards
  7 kobolds
  3 rats (D:1)
62 creatures vanquished.

Notes
Turn   | Place    | Note
-------+----------+-------------------------------------------
     0 | D:1      | Mrkan the Gnoll Conjurer began the quest for the Orb.
     0 | D:1      | Reached XP level 1. HP: 13/13 MP: 6/6
    58 | D:1      | Reached XP level 2. HP: 19/19 MP: 0/7
   366 | D:1      | Reached XP level 3. HP: 25/25 MP: 5/9
   412 | D:1      | Reached skill level 5 in Spellcasting
   642 | D:2      | Reached skill level 1 in Invocations
   784 | D:2      | Reached skill level 1 in Fighting
   784 | D:2      | Reached skill level 1 in Short Blades
   784 | D:2      | Reached skill level 1 in Long Blades
   784 | D:2      | Reached skill level 1 in Axes
   784 | D:2      | Reached skill level 1 in Maces & Flails
   784 | D:2      | Reached skill level 1 in Polearms
   784 | D:2      | Reached skill level 1 in Staves
   784 | D:2      | Reached skill level 1 in Slings
   784 | D:2      | Reached skill level 1 in Bows
   784 | D:2      | Reached skill level 1 in Crossbows
   784 | D:2      | Reached skill level 1 in Throwing
   784 | D:2      | Reached skill level 1 in Armour
   784 | D:2      | Reached skill level 1 in Shields
   784 | D:2      | Reached skill level 1 in Unarmed Combat
   784 | D:2      | Reached skill level 1 in Evocations
   784 | D:2      | Reached XP level 4. HP: 32/32 MP: 6/11
  1212 | D:2      | Reached skill level 1 in Hexes
  1212 | D:2      | Reached skill level 1 in Charms
  1212 | D:2      | Reached skill level 1 in Summonings
  1212 | D:2      | Reached skill level 1 in Necromancy
  1212 | D:2      | Reached skill level 1 in Translocations
  1212 | D:2      | Reached skill level 1 in Transmutations
  1212 | D:2      | Reached skill level 1 in Fire Magic
  1212 | D:2      | Reached skill level 1 in Ice Magic
  1212 | D:2      | Reached skill level 1 in Air Magic
  1212 | D:2      | Reached skill level 1 in Earth Magic
  1212 | D:2      | Reached skill level 1 in Poison Magic
  1401 | D:2      | Found a glowing golden altar of the Shining One.
  1401 | D:2      | Found a blossoming altar of Fedhas.
  1402 | D:2      | Found a shadowy altar of Dithmenos.
  1601 | D:3      | Noticed a bullfrog
  1617 | D:3      | Slain by a bullfrog

Skill      XL: |  1  2  3  4 |
---------------+-------------+-----
Spellcasting   | 5 |  5.1
Invocations    | 1 |  1.4
Fighting       | 1 |  1.2
Short Blades   | 1 |  1.2
Long Blades    | 1 |  1.2
Axes           | 1 |  1.2
Maces & Flails | 1 |  1.2
Polearms       | 1 |  1.2
Staves         | 1 |  1.2
Slings         | 1 |  1.2
Bows           | 1 |  1.2
Crossbows      | 1 |  1.2
Throwing       | 1 |  1.2
Armour         | 1 |  1.2
Shields        | 1 |  1.2
Unarmed Combat | 1 |  1.2
Evocations     | 1 |  1.2
Hexes          | 1 |  1.0
Charms         | 1 |  1.0
Summonings     | 1 |  1.0
Necromancy     | 1 |  1.0
Translocations | 1 |  1.0
Transmutations | 1 |  1.0
Fire Magic     | 1 |  1.0
Ice Magic      | 1 |  1.0
Air Magic      | 1 |  1.0
Earth Magic    | 1 |  1.0
Poison Magic   | 1 |  1.0
Dodging        | |  4.7
Stealth        | |  4.3
Conjurations   | |  7.1

Action                   |  1- 3 |  4- 6 || total
-------------------------+-------+-------++-------
Melee: Unarmed           |     7 |    14 ||    21
       Bite              |     1 |     3 ||     4
 Cast: Magic Dart        |    63 |    49 ||   112
 Stab: Sleeping          |       |     1 ||     1
  Eat: Chunk             |       |     1 ||     1
Armor: Robe              |     4 |     6 ||    10
Dodge: Dodged            |    17 |    62 ||    79
